 Dungeon Crawl Stone Soup version 0.27-a0-96-gb51a1d6fd6 (webtiles) character file.

Game seed: 10221046429611626293

37949 Mitsuki the Blocker (level 13, -1/119 HPs)
             Began as a Minotaur Fighter on Jan 19, 2021.
             Was a High Priest of Okawaru.
             Slain by a 16-headed hydra (2 damage)
             ... on level 14 of the Dungeon on Jan 20, 2021.
             The game lasted 01:15:21 (14090 turns).

Mitsuki the Blocker (Minotaur Fighter)             Turns: 14090, Time: 01:15:22

Health: -1/119     AC: 21    Str: 28    XL:     13   Next: 61%
Magic:  15/17      EV: 13    Int:  9    God:    Okawaru [*****.]
Gold:   1477       SH: 21    Dex: 14    Spells: 12/12 levels left

rFire    + . .     SeeInvis +   a - +0 scimitar
rCold    + + +     Faith    .   l - +5 kite shield of Gravitas {rC+ Dex+4}
rNeg     . . .     Spirit   .   V - +0 ice dragon scales
rPois    +         Reflect  .   t - +1 hat
rElec    .         Harm     .   (no cloak)
rCorr    .         Rampage  .   b - +0 pair of gloves
Will     .....                  u - +1 pair of boots
Stlth    +.........             W - amulet "Ruoromni" {rF++ Will- Regen+ Str+3 Int+3}
HPRegen  0.69/turn              R - ring of see invisible
MPRegen  0.15/turn              s - ring of poison resistance

@: heroism
A: retaliatory headbutt, horns 2
a: Renounce Religion, Heroism, Finesse


You were on level 14 of the Dungeon.
You worshipped Okawaru.
Okawaru was extremely pleased with you.
You visited 3 branches of the dungeon, and saw 16 of its levels.
You also visited: Bailey and Ice Cave.

You collected 1477 gold pieces.

Inventory:

Hand Weapons
 a - a +0 scimitar (weapon)
 y - the +7 dagger of Usimic {drain, +Rage Will+}
   (You found it on level 5 of the Dungeon)

   A truly terrible weapon, it drains the life of those it strikes.
   It affects your willpower, your defense against some magical effects.
   It lets you go berserk.
Missiles
 c - 27 boomerangs (quivered)
 D - 4 silver boomerangs
 E - 87 bolts
 F - 14 curare-tipped darts
 L - a throwing net
Armour
 b - a +0 pair of gloves (worn)
 l - the +5 kite shield of Gravitas (worn) {rC+ Dex+4}
   (Okawaru gifted it to you on level 12 of the Dungeon)

   It affects your dexterity (+4).
   It protects you from cold.
 t - a +1 hat (worn)
 u - a +1 pair of boots (worn)
 x - a +1 kite shield of cold resistance
 V - +0 ice dragon scales (worn)
Jewellery
 s - a ring of poison resistance (right hand)
 v - an uncursed ring of protection from cold
 R - a ring of see invisible (left hand)
 W - the amulet "Ruoromni" (around neck) {rF++ Will- Regen+ Str+3 Int+3}
   (You found it on level 1 of the Lair of Beasts)

   [amulet of regeneration]

   It affects your strength (+3).
   It affects your intelligence (+3).
   It greatly protects you from fire.
   It affects your willpower, your defense against some magical effects.
   It increases your rate of regeneration.
Wands
 f - a wand of polymorph (17)
 w - a wand of paralysis (5)
 B - a wand of disintegration (12)
 S - a wand of iceblast (17)
Scrolls
 e - 2 scrolls of enchant weapon {unknown}
 g - 10 scrolls of teleportation
 i - a scroll of amnesia {unknown}
 j - 2 scrolls of fog
 k - 2 scrolls of blinking {unknown}
 n - 3 scrolls of magic mapping
 z - a scroll of random uselessness {unknown}
 J - 2 scrolls of remove curse
 K - 6 scrolls of identify
 M - a scroll of vulnerability {unknown}
 N - a scroll of fear {unknown}
Potions
 d - 2 potions of experience {unknown}
 h - 5 potions of curing
 m - a potion of haste {unknown}
 o - a potion of brilliance
 p - 5 potions of resistance
 q - a potion of flight {unknown}
Miscellaneous
 r - a condenser vane (inert)


   Skills:
 + Level 12.8(17.8) Fighting
 + Level 12.4(17.4) Long Blades
 + Level 12.7(17.7) Armour
 + Level 12.8(17.8) Shields
 - Level 7.0 Invocations
 + Level 8.3 Evocations


You had 12 spell levels left.
You didn't know any spells.
Your spell library contained the following spells:

 Spells                   Type           Power        Failure   Level
 Animate Skeleton         Necr           0%           58%         1
 Apportation              Tloc           0%           58%         1
 Corona                   Hex            0%           58%         1
 Summon Small Mammal      Summ           0%           58%         1
 Blink                    Tloc           N/A          73%         2
 Call Imp                 Summ           0%           73%         2
 Call Canine Familiar     Summ           0%           91%         3
 Gell's Gravitas          Tloc           0%           91%         3
 Lesser Beckoning         Tloc           0%           91%         3
 Summon Guardian Golem    Hex/Summ       0%           91%         3
 Teleport Other           Tloc           0%           91%         3
 Passage of Golubria      Tloc           N/A          100%        4
 Summon Ice Beast         Ice/Summ       0%           100%        4
 Summon Lightning Spire   Summ/Air       0%           100%        4
 Bolt of Magma            Conj/Fire/Erth 0%           100%        5
 Iskenderun's Battlesphe  Conj           0%           100%        5
 Iron Shot                Conj/Erth      0%           100%        6
 Orb of Destruction       Conj           0%           100%        7
 Spellforged Servitor     Conj/Summ      0%           100%        7


Dungeon Overview and Level Annotations

Branches:
Dungeon (14/15)            Temple (1/1) D:6            Lair (1/6) D:10
    Orc (0/2) D:9          Vaults (0/5) D:13         Bailey (visited)
  IceCv (visited)

Altars:
Ashenzari
Cheibriados
Dithmenos
Elyvilon
Fedhas
Gozag
Hepliaklqana
Kikubaaqudgha
Makhleb
Nemelex Xobeh
Okawaru
Qazlal
Ru
Sif Muna
Trog
Uskayaw
Vehumet
Wu Jian
Xom
Yredelemnul
Zin
The Shining One

Shops:
D:5 }

Annotations:
D:12 2 transporters, Racorph's ghost, journeyman TeAE
D:14 2 transporters, Theblade12's ghost, journeyman OpFi


Innate Abilities, Weirdness & Mutations

You reflexively headbutt those who attack you in melee.
You have a pair of horns on your head.


Message History

The 15-headed hydra misses you.
You take 17 damage, and have 27/119 hp.
You chop one of the 15-headed hydra's heads off!
The 14-headed hydra grows two more!
You slice the 16-headed hydra!!
The 16-headed hydra is heavily wounded.
You block the 16-headed hydra's attack. x2
The 16-headed hydra barely misses you. You block the 16-headed hydra's attack.
The 16-headed hydra bites you.
* * * LOW HITPOINT WARNING * * *
The 16-headed hydra bites you but does no damage.
The 16-headed hydra bites you!
* * * LOW HITPOINT WARNING * * *
The 16-headed hydra bites you but does no damage. x2
You block the 16-headed hydra's attack.
The 16-headed hydra bites you but does no damage.
The 16-headed hydra barely misses you. You block the 16-headed hydra's attack.
The 16-headed hydra bites you!
* * * LOW HITPOINT WARNING * * *
The 16-headed hydra bites you.
You die...

##### # #.... ##
#. ...# ...
.###..## ...
......# .. #.D.#
#.#@#########
#.##...........# .
#.......###....###
.# .....###.#
#......###.#
###### ..... #.#
#...##.....#
.....###..###
#.#^....##.....#
####......#
......#..##..###.#
###..#...##
.......###.## .#
#.......###
#..#..###..# #


You could see a 16-headed hydra.

Vanquished Creatures
  Kirke (D:13)
  An orc warlord (Bailey)
  Snorg (D:10)
  2 ice dragons (IceCv)
  4 centaur warriors
  A hydra (D:12)
  3 boulder beetles
  5 two-headed ogres
  2 unseen horrors
  A harpy (shapeshifter) (D:13)
  7 ugly things
  A wolf spider zombie (D:12)
  3 deep elf magi
  A cyclops (D:14)
  2 ice statues (IceCv)
  Psyche (D:9)
  3 centaur skeletons
  2 gargoyles
  Maggie (D:9)
  2 rime drakes (IceCv)
  2 ice devils (D:11)
  A komodo dragon (Lair:1)
  2 trolls
  3 slime creatures (D:14)
  A shadow (D:13)
  A wraith (D:10)
  5 yaks (D:10)
  5 wyverns
  A hog (D:13)
  2 vampire mosquitoes (D:13)
  2 acid dragons
  3 wargs (D:10)
  A water moccasin (Lair:1)
  A hornet zombie (D:9)
  11 orc warriors
  21 ice beasts
  3 sky beasts
  2 black bears
  An eye of draining (D:8)
  5 ogres
  2 wolves
  15 centaurs
  5 big kobolds
  11 bullfrogs
  A wyvern zombie (D:9)
  6 scorpions
  26 wights
  20 killer bees
  2 howler monkeys
  2 quasits
  2 centaur zombies
  3 bullfrog skeletons
  6 hounds
  3 jellies
  4 orc priests
  3 iguanas
  18 orc wizards
  8 worker ants
  8 adders
  6 white imps
  3 ufetubi
  4 oozes
  An adder zombie (D:5)
  2 adder skeletons
  4 worms
  7 dart slugs (D:5)
  3 leopard geckos
  37 orcs
  3 bats
  6 giant cockroaches
  10 goblins
  14 hobgoblins
  9 jackals
  44 kobolds
  2 ball pythons
  7 frilled lizards
  2 leopard gecko skeletons
  4 rats
430 creatures vanquished.

Vanquished Creatures (others)
  4 plants
4 creatures vanquished.

Grand Total: 434 creatures vanquished

Notes
Turn   | Place    | Note
-------+----------+-------------------------------------------
     0 | D:1      | Mitsuki the Minotaur Fighter began the quest for the Orb.
     0 | D:1      | Reached XP level 1. HP: 19/19 MP: 0/0
   160 | D:1      | Reached XP level 2. HP: 27/27 MP: 1/1
   337 | D:1      | Reached XP level 3. HP: 30/33 MP: 2/2
   517 | D:1      | You fall into a shaft and drop 1 floor!
   520 | D:2      | Found a broken altar of Ashenzari.
   553 | D:2      | Found a shadowy altar of Dithmenos.
   758 | D:1      | Found a shimmering altar of Xom.
  1036 | D:2      | Found a radiant altar of Vehumet.
  1058 | D:2      | Found a hide-covered altar of Uskayaw.
  1075 | D:2      | Found a faded altar of an unknown god.
  1162 | D:2      | Found a broken altar of Ashenzari.
  1262 | D:2      | Reached XP level 4. HP: 38/40 MP: 3/3
  1708 | D:4      | Noticed a sky beast
  1818 | D:3      | Reached XP level 5. HP: 44/47 MP: 4/4
  1827 | D:3      | Reached skill level 5 in Armour
  1827 | D:3      | Reached skill level 5 in Shields
  1829 | D:3      | Reached skill level 5 in Fighting
  1854 | D:4      | Noticed an ogre
  1936 | D:3      | Killed an ogre
  1937 | D:3      | Reached XP level 6. HP: 44/56 MP: 5/5
  1987 | D:4      | Found a shimmering blue altar of Sif Muna.
  1990 | D:4      | Found a white marble altar of Elyvilon.
  2158 | D:4      | Killed a sky beast
  2159 | D:4      | Reached skill level 5 in Long Blades
  2159 | D:4      | Reached XP level 7. HP: 62/62 MP: 6/6
  2436 | D:5      | Entered Level 5 of the Dungeon
  2469 | D:5      | Got an iridescent dagger
  2647 | D:5      | Found Ziha's Gadget Shop.
  3235 | D:6      | Found a staircase to the Ecumenical Temple.
  3251 | Temple   | Entered the Ecumenical Temple
  3333 | Temple   | Became a worshipper of Warmaster Okawaru
  3387 | D:6      | Reached XP level 8. HP: 53/69 MP: 7/7
  3725 | D:6      | Found a bloodstained altar of Trog.
  3976 | D:6      | Identified the +7 dagger of Usimic {drain, +Rage Will+}
                  | (You found it on level 5 of the Dungeon)
  4055 | D:6      | Reached * piety under Okawaru
  4596 | D:7      | Noticed a gargoyle
  4622 | D:7      | Killed a gargoyle
  4623 | D:7      | Reached skill level 1 in Invocations
  4623 | D:7      | Reached skill level 1 in Evocations
  4697 | D:7      | Reached ** piety under Okawaru
  4698 | D:7      | Reached XP level 9. HP: 72/80 MP: 9/9
  5137 | D:7      | Paralysed by a wight for 5 turns
  5146 | D:7      | Paralysed by a wight for 4 turns
  5363 | D:7      | Reached *** piety under Okawaru
  6673 | D:9      | Reached XP level 10. HP: 88/90 MP: 11/11
  6850 | D:9      | Reached **** piety under Okawaru
  6854 | D:9      | Found a staircase to the Orcish Mines.
  6858 | D:9      | Noticed Psyche
  6881 | D:9      | Killed Psyche
  7228 | D:9      | Noticed Maggie
  7259 | D:9      | Killed Maggie
  8070 | D:10     | Entered Level 10 of the Dungeon
  8220 | D:10     | Reached ***** piety under Okawaru
  8221 | D:10     | Reached skill level 5 in Invocations
  8295 | D:10     | Found a staircase to the Lair.
  8369 | D:10     | Noticed Snorg
  8410 | D:10     | Killed Snorg
  8411 | D:10     | Reached skill level 10 in Shields
  8411 | D:10     | Reached XP level 11. HP: 56/99 MP: 12/14
  8417 | D:10     | Reached skill level 10 in Fighting
  8732 | D:10     | Reached skill level 10 in Armour
  8732 | D:10     | Reached skill level 5 in Evocations
  8889 | D:10     | You fall into a shaft and drop 1 floor!
  8911 | D:11     | Found a frozen archway.
  9024 | IceCv    | Entered an ice cave
  9080 | IceCv    | Received a gift from Okawaru
  9398 | IceCv    | Reached skill level 10 in Long Blades
  9486 | IceCv    | Noticed an ice dragon
  9486 | IceCv    | Noticed an ice dragon
  9752 | IceCv    | Killed an ice dragon
  9752 | IceCv    | Received a gift from Okawaru
  9766 | IceCv    | Killed an ice dragon
 10082 | D:11     | Noticed an unseen horror
 10087 | D:11     | Killed an unseen horror
 10102 | D:11     | Found an ancient bone altar of Kikubaaqudgha.
 10278 | D:11     | Noticed a red ugly thing
 10295 | D:11     | Killed a red ugly thing
 10609 | D:12     | Reached XP level 12. HP: 75/108 MP: 16/16
 10678 | Lair:1   | Entered Level 1 of the Lair of Beasts
 10709 | Lair:1   | Got a shimmering garnet amulet
 10720 | Lair:1   | Identified the amulet "Ruoromni" {rF++ Will- Regen+ Str+3
                  | Int+3} (You found it on level 1 of the Lair of Beasts)
 10908 | Lair:1   | Noticed a seven-headed hydra
 11010 | D:10     | Found an iron altar of Okawaru.
 11393 | D:12     | Identified the +5 dire flail of Masig {pain, Will+ SInv}
 11393 | D:12     | Noticed a two-headed ogre
 11393 | D:12     | Noticed Racorph's ghost (journeyman TeAE)
 11393 | D:12     | Noticed a two-headed ogre
 11394 | D:12     | Found a transporter.
 11395 | D:12     | Noticed a two-headed ogre
 11395 | D:12     | Noticed a two-headed ogre
 11398 | D:12     | Found a transporter.
 11411 | D:12     | Noticed a boulder beetle
 11425 | D:12     | HP: 1/110 [boulder beetle (15)]
 11673 | D:12     | Noticed an eight-headed hydra
 11692 | D:12     | Killed a 17-headed hydra
 11692 | D:12     | Received a gift from Okawaru
 11696 | D:12     | Got a dazzling kite shield {god gift}
 11707 | D:12     | Identified the +5 kite shield of Gravitas {rC+ Dex+4}
                  | (Okawaru gifted it to you on level 12 of the Dungeon)
 11833 | D:12     | Noticed a centaur warrior
 11847 | D:12     | Killed a centaur warrior
 11996 | D:12     | Killed a boulder beetle
 12097 | D:13     | Noticed a boulder beetle
 12124 | D:13     | Killed a boulder beetle
 12135 | D:13     | Found a flagged portal.
 12156 | D:13     | Noticed a centaur warrior
 12157 | D:13     | Noticed a two-headed ogre
 12168 | D:13     | Killed a centaur warrior
 12173 | D:13     | Killed a two-headed ogre
 12203 | Bailey   | Entered a bailey
 12209 | Bailey   | Noticed an orc warlord
 12296 | Bailey   | Found a runed translucent gate.
 12298 | Bailey   | Found a runed translucent gate.
 12300 | Bailey   | Found a runed translucent gate.
 12409 | Bailey   | Killed an orc warlord
 12691 | D:13     | Noticed a centaur warrior
 12704 | D:13     | Killed a centaur warrior
 12729 | D:13     | Noticed a two-headed ogre
 12735 | D:13     | Killed a two-headed ogre
 12872 | D:13     | Reached XP level 13. HP: 115/118 MP: 17/17
 13343 | D:13     | Found a gate to the Vaults.
 13343 | D:13     | Noticed Kirke
 13361 | D:13     | Killed Kirke
 13538 | D:14     | Received a gift from Okawaru
 13707 | D:14     | Noticed Theblade12's ghost (journeyman OpFi)
 13733 | D:14     | Found a transporter.
 13736 | D:14     | Found a transporter.
 14090 | D:14     | HP: 1/119 [16-headed hydra (9)]
 14090 | D:14     | Slain by a 16-headed hydra

Illustrated notes

Levels and vault maps discovered:
D:1:      minmay_arrival_up_and_down, layout_basic, serial_glass,
          glass_columns_c, glass_columns_c, glass_columns_a, glass_columns_a,
          xom_teletrap_fun
D:2:      layout_rooms, nicolae_overflow_quartered_altars,
          chequers_ecumenical_altar_island, evilmike_ruin_ashenzari
D:3:      cheibrodos_helix_gallery, layout_basic, nrook_loot_triangle,
          minmay_misc_feat_five
D:4:      layout_rooms, gammafunk_temple_overflow_pools, st_stairs_12
D:5:      kennysheep_slugbush, layout_rooms, serial_shops, shop,
          roderic_serpentine_path, grunt_decor_resistance,
          kennysheep_generic_room_8
D:6:      layout_layer_cave, lemuel_round_altar, minmay_temple_entry_ruins
D:7:      nzn_winding_woodlands_three_and_one
          [nzn_winding_woodlands_5x15_longhouse,
          nzn_winding_woodlands_5x15_twine, nzn_winding_woodlands_5x15_eye,
          nzn_winding_woodlands_center_diamonds], layout_basic,
          minmay_misc_feat_rows
D:8:      layout_basic
D:9:      layout_stronghold, david_orc_2, uniq_psyche, uniq_maggie
D:10:     lemuel_upstairs_altar, layout_loops_corners,
          erik_lair_orcish_takeover, uniq_snorg
D:11:     layout_layer_cave, basic_altar, portal_ice_cave_demonic_guard
D:12:     layout_roguey, gammafunk_ghost_smash
D:13:     layout_loops_ring, david_vaults_1, enter_bailey_8, wad_dig_loot,
          uniq_kirke
D:14:     layout_rooms, gammafunk_ghost_mausoleum
Temple:   eino_wide_crystal_templ
Lair:1:   layout_cave_shapes, patterned_corridor, grunt_megastairs_5,
          minmay_lair_oklob_chamber

Skill      XL: |  1  2  3  4  5  6  7  8  9 10 11 12 13 |
---------------+----------------------------------------+-----
Fighting       | 4 5 6 7 8 9 10 12 | 12.8
Long Blades    | 3 4 5 6 7 8 9 10 11 12 | 12.4
Armour         | 4 5 6 7 8 9 10 12 | 12.7
Shields        | 4 5 6 7 8 10 11 12 | 12.8
Invocations    | 1 3 5 6 7 |  7.0
Evocations     | 1 3 4 6 7 8 |  8.3

Action                   |  1- 3 |  4- 6 |  7- 9 | 10-12 | 13-15 || total
-------------------------+-------+-------+-------+-------+-------++-------
Melee: Long sword        |   108 |   107 |   441 |       |       ||   656
       Headbutt          |    14 |    20 |    96 |   209 |    72 ||   411
       Scimitar          |       |       |       |   842 |   232 ||  1074
Invok: Heroism           |       |       |     2 |    14 |     2 ||    18
       Finesse           |       |       |       |     8 |       ||     8
Evoke: Wand              |       |       |       |     3 |       ||     3
       Condenser vane    |       |       |       |       |     1 ||     1
  Use: Scroll            |       |       |    14 |     5 |       ||    19
       Potion            |       |       |     1 |     4 |       ||     5
Armor: Chain mail        |    97 |   111 |   187 |    20 |       ||   415
       Plate armour      |       |       |       |   186 |       ||   186
       Ice dragon scales |       |       |       |    77 |    82 ||   159
Dodge: Dodged            |    33 |    34 |   110 |   249 |    77 ||   503
Block: Kite shield       |    80 |    85 |   238 |   564 |   199 ||  1166
       Rpst.: Long sword |     9 |    12 |    29 |       |       ||    50
       Scimitar          |       |       |       |    60 |    11 ||    71

Table legend: (Time is in decaauts)
 A = Elapsed time spent in this place.
 B = Non-inter-level travel time spent in this place.
 C = Inter-level travel time spent in this place.
 D = Time resting spent in this place.
 E = Time spent auto-exploring this place.
 F = Levels seen in this place.
 G = Mean time per level.
                   A        B        C        D        E       F      G
               +--------+--------+--------+--------+--------+-----+--------+
         Total |  14067 |  12998 |   1069 |    622 |   8757 |  18 |  781.5 |
       Dungeon |  12534 |  11489 |   1045 |    419 |   8108 |  14 |  895.3 |
        Temple |    106 |     82 |     24 |      0 |     47 |   1 |  106.0 |
          Lair |    259 |    259 |      0 |      0 |    120 |   1 |  259.0 |
        Bailey |    300 |    300 |      0 |      3 |    124 |   1 |  300.0 |
      Ice Cave |    866 |    866 |      0 |    200 |    357 |   1 |  866.0 |
               +--------+--------+--------+--------+--------+-----+--------+

Top non-repeatable levels by time:
     D:9: 1351 daAuts
     D:7: 1225 daAuts
     D:6: 1164 daAuts
    D:13: 1054 daAuts
    D:12: 1008 daAuts
     D:8: 973 daAuts
    D:10: 948 daAuts
   IceCv: 866 daAuts
     D:1: 834 daAuts
    D:11: 824 daAuts
     D:5: 699 daAuts
     D:4: 681 daAuts
     D:3: 656 daAuts
    D:14: 597 daAuts
     D:2: 516 daAuts
